 Dungeon Crawl Stone Soup version 0.20.1-1-g8b1a95d (webtiles) character file.

515 vatarom the Caller (level 7, -7/51 HPs)
             Began as a Merfolk Summoner on Sept 11, 2017.
             Blown up by Pikel (18 damage)
             ... with a wand of disintegration (?/24)
             ... on level 5 of the Dungeon.
             The game lasted 00:11:20 (4990 turns).

vatarom the Caller (Merfolk Summoner)               Turns: 4990, Time: 00:11:21

Health: -7/51      AC:  5    Str:  8    XL:     7   Next: 20%
Magic:  2/12       EV: 13    Int: 17    God:
Gold:   247        SH:  0    Dex: 20    Spells: 3/13 levels left

rFire    . . .     SeeInvis .   o - +0 halberd
rCold    . . .     Gourm    .   (shield currently unavailable)
rNeg     . . .     Faith    +   a - +0 robe
rPois    .         Spirit   .   (no helmet)
rElec    .         Reflect  .   k - +0 cloak
rCorr    .         Harm     .   l - +0 pair of gloves
MR       .....                  e - +0 pair of boots
Stlth    ++........             i - amulet of faith
Regen    0.2/turn               g - +6 ring of dexterity
MPRegen  0.2/turn               (no ring)

@: no status effects
A: change form in water, swift swim, stealthy swim
a: no special abilities


You were on level 5 of the Dungeon.
You were hungry.

You visited 1 branch of the dungeon, and saw 5 of its levels.

You collected 247 gold pieces.

Inventory:

Hand Weapons
 o - a +0 halberd (weapon)
Armour
 a - a +0 robe (worn)
 e - a +0 pair of boots (worn)
 k - a +0 cloak (worn)
 l - a +0 pair of gloves (worn)
 s - a +0 leather armour
Jewellery
 g - a +6 ring of dexterity (left hand)
 i - an amulet of faith (around neck)
 x - an uncursed ring of protection from fire {unknown}
Wands
 p - a wand of flame (0/48)
Scrolls
 n - a scroll of enchant armour {unknown}
 r - a scroll of teleportation
 v - a scroll of recharging
Potions
 f - a potion of flight
 j - a potion of invisibility
 q - a potion of might
 t - 2 potions of mutation {unknown}
 u - a potion of agility {unknown}
Books
 b - a book of Callings

   Spells                             Type                      Level
   a - Summon Small Mammal            Summoning                    1
   b - Call Imp                       Summoning                    2
   c - Call Canine Familiar           Summoning                    3
   d - Summon Guardian Golem          Hexes/Summoning              3
   e - Summon Lightning Spire         Summoning/Air                4
   f - Summon Ice Beast               Ice/Summoning                4
Comestibles
 c - 3 bread rations
 d - a royal jelly
 h - 2 fruits
 m - a meat ration
 w - 7 chunks of flesh


   Skills:
 - Level 2.7 Fighting
 - Level 2.6 Dodging
 - Level 2.1 Stealth
 + Level 3.9 Spellcasting
 * Level 6.5 Summonings
 - Level 2.2 Ice Magic


You had 3 spell levels left.
You knew the following spells:

 Your Spells              Type           Power        Failure   Level  Hunger
a - Summon Small Mammal   Summ           ####         1%          1    None
b - Call Imp              Summ           ####....     1%          2    ##.....
c - Call Canine Familiar  Summ           ####....     3%          3    ###....
d - Summon Ice Beast      Ice/Summ       ###.....     26%         4    ####...


Dungeon Overview and Level Annotations

Branches:
Dungeon (5/15)
 Temple: D:4-7

Altars:
Dithmenos
Gozag
Hepliaklqana
Makhleb
Ru
Vehumet

Annotations:
D:5 Pikel


Message History

x - a steel ring Pikel hits you with a whip of flaming.
Pikel burns you. The slave misses you. The slave hits you.
Pikel zaps a wand.
You are blasted!
Casting: Call Imp
Confirm with . or Enter, or press ? or * to list all spells.
The slave hits you.
Pikel zaps a wand.
You are blasted!
* * * LOW HITPOINT WARNING * * *
Unknown command.
The slave closely misses your hound.
You see here an adder skeleton.
Your hound bites Pikel but does no damage.
The slave hits your hound.
Your hound barely misses Pikel.
The slave closely misses something.
The slave hits your hound!
Your hound dies!
Your hound's corpse disappears in a puff of smoke!
Pikel zaps a wand.
You struggle to resist.
Pikel zaps a wand.
You are blasted!
You die...

###..............# #...p......
#................# #..p.......
#................###....p.....
#.........>...................
#................#######......
#...(............##.......####
#...(............Kppp.........
#...###..........##)p...#..###
#...# #......@.p.##....รท##.#
#...###.....#######.....##.###
#####.......# #...........
#.......# #####.......
#.......# #....... #......##
####.... #......# #....
#..<...# #.... ######## #..##


You could see Pikel and 4 slaves.

Vanquished Creatures
  A howler monkey (D:4)
  A bullfrog zombie (D:4)
  An orc wizard (D:5)
  An ooze (D:4)
  An adder skeleton (D:2)
  A dart slug (D:2)
  A leopard gecko (D:4)
  3 orcs
  A bat skeleton (D:2)
  A giant cockroach (D:2)
  2 goblins (D:1)
  A jackal (D:3)
  5 kobolds
  A quokka (D:5)
  3 bats
  A frilled lizard (D:2)
  4 rats
29 creatures vanquished.

Vanquished Creatures (collateral kills)
  A hippogriff (D:4)
  An ogre (D:5)
  A centaur (D:5)
  2 crimson imps
  2 orc priests (D:3)
  An orc wizard (D:3)
  3 worker ants
  A hound skeleton (D:5)
  5 adders
  4 gnolls (D:3)
  An ooze (D:2)
  2 adder skeletons (D:2)
  An adder zombie (D:2)
  3 worms
  4 dart slugs
  A leopard gecko (D:4)
  10 orcs
  A bat zombie (D:2)
  5 giant cockroaches
  5 goblins
  4 hobgoblins
  3 jackals
  6 kobolds
  2 quokkas
  A ball python skeleton (D:4)
  8 bats
  A frilled lizard (D:1)
  2 giant cockroach zombies
  A leopard gecko skeleton (D:2)
  6 rats
88 creatures vanquished.

Grand Total: 117 creatures vanquished

Notes
Turn   | Place    | Note
-------+----------+-------------------------------------------
     0 | D:1      | vatarom the Merfolk Summoner began the quest for the Orb.
     0 | D:1      | Reached XP level 1. HP: 13/13 MP: 3/3
   463 | D:1      | Reached XP level 2. HP: 19/19 MP: 3/5
   681 | D:1      | Learned a level 2 spell: Call Imp
   829 | D:2      | Reached skill level 1 in Fighting
   960 | D:2      | Reached XP level 3. HP: 24/26 MP: 6/6
   965 | D:2      | Learned a level 3 spell: Call Canine Familiar
  1042 | D:2      | Found a sacrificial altar of Ru.
  1262 | D:2      | Found a hazy altar of Hepliaklqana.
  1807 | D:2      | Reached XP level 4. HP: 29/33 MP: 4/8
  1828 | D:2      | Found an opulent altar of Gozag.
  1957 | D:3      | Found a shadowy altar of Dithmenos.
  2115 | D:3      | Reached XP level 5. HP: 17/39 MP: 1/9
  2190 | D:3      | Learned a level 4 spell: Summon Ice Beast
  2513 | D:3      | Reached skill level 5 in Summonings
  2962 | D:4      | Reached skill level 1 in Ice Magic
  3513 | D:4      | Noticed a hippogriff
  3564 | D:4      | Killed a hippogriff
  3564 | D:4      | Reached XP level 6. HP: 18/46 MP: 0/11
  3816 | D:4      | Found a radiant altar of Vehumet.
  3816 | D:4      | Found a burning altar of Makhleb.
  4360 | D:5      | Entered Level 5 of the Dungeon
  4589 | D:5      | Reached skill level 6 in Summonings
  4674 | D:5      | HP: 2/46 [centaur (5)]
  4762 | D:5      | Reached XP level 7. HP: 32/51 MP: 8/12
  4945 | D:5      | Noticed Pikel
  4990 | D:5      | Blown up by Pikel

Skill      XL: |  1  2  3  4  5  6 |
---------------+-------------------+-----
Fighting       | 1 2 |  2.7
Spellcasting   | 3 |  3.9
Summonings     | 5 6 |  6.5
Ice Magic      | 2 |  2.2
Dodging        | |  2.6
Stealth        | |  2.1

Action                   |  1- 3 |  4- 6 |  7- 9 || total
-------------------------+-------+-------+-------++-------
Melee: Spear             |   106 |   180 |       ||   286
       Dagger            |     7 |       |       ||     7
       Unarmed           |     3 |       |       ||     3
       Halberd           |       |     6 |    10 ||    16
 Cast: Summon Small Mamm |    18 |     1 |       ||    19
       Call Imp          |     5 |    23 |     3 ||    31
       Call Canine Famil |    10 |    23 |     3 ||    36
       Summon Ice Beast  |       |       |     2 ||     2
  Use: Scroll            |     4 |     4 |     1 ||     9
       Potion            |     1 |     6 |       ||     7
 Stab: Sleeping          |     7 |     4 |       ||    11
       Invisible         |       |     2 |       ||     2
       Distracted        |       |     3 |       ||     3
  Eat: Chunk             |     5 |     7 |     1 ||    13
       Fruit             |       |     2 |       ||     2
       Bread ration      |       |     1 |       ||     1
Armor: Robe              |    49 |    48 |     1 ||    98
Dodge: Dodged            |   105 |   138 |    11 ||   254
